 Dungeon Crawl Stone Soup version 0.28-a0-1128-gb845255321 (webtiles) character file.

Game seed: 17640172599913753469

490 Garessta the Jinx (level 6, -5/41 HPs)
             Began as a Vampire Enchanter on Dec 12, 2021.
             Was a Believer of Kikubaaqudgha.
             Slain by Grinder (9 damage)
             ... on level 5 of the Dungeon.
             The game lasted 00:14:25 (5193 turns).

Garessta the Jinx (Vampire Enchanter)               Turns: 5193, Time: 00:14:26

Health: -5/41      AC:  2    Str:  7    XL:     6   Next: 90%
Magic:  8/11       EV: 12    Int: 17    God:    Kikubaaqudgha [**....]
Gold:   159        SH:  0    Dex: 17    Spells: 7/12 levels left

rFire   . . .      SeeInvis +   a - +1 dagger
rCold   . . .      Faith    .   (no shield)
rNeg    . . .      Spirit   .   b - +0 robe
rPois   .          Reflect  .   (no helmet)
rElec   .          Harm     .   (no cloak)
rCorr   .          Rampage  .   (no gloves)
Will    .....                   (no boots)
Stlth   ++++......              (no amulet)
HPRegen 0.33/turn               (no ring)
MPRegen 0.12/turn               (no ring)

@: confusing by touch, healing quickly
A: alive, fangs 3, see invisible, vampiric 2
a: Exsanguinate, Renounce Religion, Receive Corpses


You were on level 5 of the Dungeon.
You worshipped Kikubaaqudgha.
Kikubaaqudgha was pleased with you.
You visited 1 branch of the dungeon, and saw 5 of its levels.

You collected 159 gold pieces.

Inventory:

Hand Weapons
 a - a +1 dagger (weapon)
Armour
 b - a +0 robe (worn)
Jewellery
 g - a ring of protection from fire
Wands
 m - a wand of flame (23)
Scrolls
 f - a scroll of noise
 j - a scroll of brand weapon {unknown}
 k - a scroll of blinking {unknown}
 n - a scroll of identify
 p - a scroll of fog {unknown}
Potions
 c - a potion of invisibility
 d - 3 potions of curing
 e - 2 potions of mutation
 h - a potion of attraction {unknown}
 i - 2 potions of lignification {unknown}
 l - a potion of brilliance {unknown}
 o - 2 potions of haste {unknown}


   Skills:
 - Level 1.4 Short Blades
 - Level 2.3 Dodging
 + Level 7.1 Stealth
 + Level 3.7 Spellcasting
 * Level 8.5 Hexes


You had 7 spell levels left.
You knew the following spells:

 Your Spells              Type           Power      Damage    Failure   Level
a - Ensorcelled Hibernat  Hex/Ice        34%        N/A       4%          2
b - Confusing Touch       Hex            32%        N/A       1%          3

Your spell library contained the following spells:

 Spells                   Type           Power      Damage    Failure   Level
 Tukima's Dance           Hex            32%        N/A       1%          3
 Dazzling Flash           Conj/Hex       34%        N/A       9%          3
 Inner Flame              Hex/Fire       17%        N/A       9%          3
 Animate Skeleton         Necr           6%         N/A       16%         1
 Foxfire                  Conj/Fire      12%        2x1d4     16%         1
 Magic Dart               Conj           12%        1d3       16%         1
 Pain                     Necr           12%        1d4       16%         1
 Call Imp                 Summ           3%         N/A       24%         2
 Sublimation of Blood     Necr           3%         N/A       24%         2
 Conjure Flame            Conj/Fire      3%         6-21      43%         3
 Mephitic Cloud           Conj/Pois/Air  3%         N/A       43%         3
 Ozocubu's Armour         Ice            3%         N/A       43%         3
 Vampiric Draining        Necr           3%         2d6       43%         3
 Metabolic Englaciation   Hex/Ice        8%         N/A       61%         5
 Flame Wave               Conj/Fire      3%         2d4       85%         4
 Simulacrum               Ice/Necr       1%         N/A       100%        6


Dungeon Overview and Level Annotations

Branches:
Dungeon (5/15)
 Temple: D:4-7

Altars:
Cheibriados
Kikubaaqudgha
Xom

Annotations:
D:2 Robin
D:5 Grinder


Innate Abilities, Weirdness & Mutations

Your natural rate of healing is accelerated.
You have razor-sharp teeth.
You have supernaturally acute eyesight. (SInv)
You are afflicted with vampirism and can become a bat while bloodless.


Message History

The ogre resists with some effort.
The ogre closely misses you. The scorpion stings you!
Found 24 gold pieces.
The scorpion stings you!
As you read the scroll of teleportation, it crumbles to dust.
You feel strangely unstable. The scorpion misses you. The scorpion stings you.
* * * LOW HITPOINT WARNING * * *
Your surroundings suddenly seem different.
A centaur, Grinder and a zombie come into view.
Found a twisted copper ring and a scroll of teleportation.
Grinder shouts!
An orc comes into view. It is wielding a +0 dagger.
Grinder gestures at you. You resist with some effort.
An orc comes into view. It is wielding a +0 trident.
You start resting.
Grinder is nearby!
Aiming: Ensorcelled Hibernation (safe; 4% risk of failure)
Press: ? - help, Q - select action, (/) - cycle Shift-Dir - straight line, f - you
Okay, then.
Press: ? - help, v - describe, . - travel
Here: Grinder The floor.
Casting: Ensorcelled Hibernation (safe; 4% risk of failure)
Confirm with . or Enter, or press ? or * to list all spells.
You don't know that spell.
Casting: Ensorcelled Hibernation (safe; 4% risk of failure)
Confirm with . or Enter, or press ? or * to list all spells.
Your hands begin to glow red.
You hit Grinder but do no damage. Grinder hits you!
* * * LOW HITPOINT WARNING * * *
You writhe in agony.
* * * LOW HITPOINT WARNING * * *
You barely miss Grinder. Grinder barely misses you.
You completely miss Grinder. Grinder barely misses you.
You barely miss Grinder. Grinder hits you!
You die...
Kikubaaqudgha rasps: "You have failed me!
Welcome... death!"

## #.# ####..
..#...#
.......###
#........###
..o......5@#
##.........##
#........###
o....###.##
....###...#
..........#
..........####
.............##
........5.....#


You could see Grinder.

Vanquished Creatures
  A necrophage (D:4)
  An ogre (D:4)
  A scorpion (D:4)
  A water moccasin skeleton (D:4)
  A gnoll shaman (D:4)
  A jelly (D:3)
  An iguana (D:4)
  3 adders
  4 gnolls
  3 worms
  2 dart slugs
  6 orcs
  2 bats
  5 endoplasms
  2 giant cockroaches
  9 goblins
  3 hobgoblins
  2 quokkas (D:3)
  3 ball pythons
  A frilled lizard (D:2)
  3 kobolds (D:4)
  7 rats
62 creatures vanquished.

Vanquished Creatures (others)
  A hobgoblin (D:2)
1 creature vanquished.

Grand Total: 63 creatures vanquished

Notes
Turn   | Place    | Note
-------+----------+-------------------------------------------
     0 | D:1      | Garessta the Vampire Enchanter began the quest for the Orb.
     0 | D:1      | Reached XP level 1. HP: 13/13 MP: 3/3
    59 | D:1      | Found a faded altar of an unknown god.
    73 | D:1      | Prayed at the altar of an unknown god.
    73 | D:1      | Became a worshipper of Kikubaaqudgha
    73 | D:1      | Reached * piety under Kikubaaqudgha
    73 | D:1      | Received a gift from Kikubaaqudgha
   217 | D:1      | Reached XP level 2. HP: 19/19 MP: 5/5
   319 | D:1      | Learned a level 2 spell: Ensorcelled Hibernation
  1212 | D:2      | Reached skill level 5 in Hexes
  1500 | D:2      | Gained mutation: You are afflicted with vampirism and can
                  | become a bat while bloodless. [Vampire growth]
  1500 | D:2      | Reached XP level 3. HP: 24/24 MP: 6/6
  1504 | D:2      | Learned a level 3 spell: Confusing Touch
  1581 | D:2      | Reached skill level 5 in Stealth
  1767 | D:2      | Noticed Robin
  1928 | D:3      | Found a shimmering altar of Xom.
  2215 | D:3      | Reached ** piety under Kikubaaqudgha
  2738 | D:3      | Found a snail-covered altar of Cheibriados.
  2910 | D:3      | Reached XP level 4. HP: 30/30 MP: 4/7
  3085 | D:3      | Reached skill level 6 in Hexes
  3391 | D:4      | Noticed an ogre
  3594 | D:4      | Noticed a necrophage
  3649 | D:5      | Entered Level 5 of the Dungeon
  3649 | D:5      | Noticed a phantom
  3658 | D:4      | Killed a necrophage
  3659 | D:4      | Reached skill level 7 in Hexes
  3659 | D:4      | Reached XP level 5. HP: 10/35 MP: 5/9
  4229 | D:4      | Reached XP level 6. HP: 41/41 MP: 7/10
  4623 | D:4      | Reached skill level 8 in Hexes
  5171 | D:5      | Noticed Grinder
  5193 | D:5      | Slain by Grinder

Illustrated notes

Levels and vault maps discovered:
D:1:      lightli_arrival_noodles, layout_loops_corners,
          chequers_ecumenical_altar_simple_redux
D:2:      layout_rooms, chequers_serial_rivers_micro_b, minmay_misc_feat_tower,
          chequers_serial_rivers_room_a, uniq_robin
D:3:      layout_basic, amcnicky_altar_gilded, cheibrodos_worm_habitat
D:4:      layout_layer_cave
D:5:      layout_cave_pools, temple_doors_cd, uniq_duvessa, uniq_blork_the_orc,
          uniq_grinder, uniq_ijyb

Skill      XL: |  1  2  3  4  5  6 |
---------------+-------------------+-----
Hexes          | 5 7 8 |  8.5
Stealth        | 5 6 7 |  7.1
Spellcasting   | 3 |  3.7
Short Blades   | |  1.4
Dodging        | |  2.3

Action                   |  1- 3 |  4- 6 || total
-------------------------+-------+-------++-------
Melee: Dagger            |    64 |    56 ||   120
       Bite              |     3 |     3 ||     6
 Cast: Ensorcelled Hiber |    20 |    31 ||    51
       Confusing Touch   |       |     4 ||     4
  Use: Scroll            |     5 |     2 ||     7
 Stab: Sleeping          |    28 |    19 ||    47
       Distracted        |     1 |       ||     1
       Confused          |       |     3 ||     3
Armor: Robe              |     3 |    10 ||    13
Dodge: Dodged            |    19 |    31 ||    50

Table legend: (Time is in decaauts)
 A = Elapsed time spent in this place.
 B = Non-inter-level travel time spent in this place.
 C = Inter-level travel time spent in this place.
 D = Time resting spent in this place.
 E = Time spent auto-exploring this place.
 F = Levels seen in this place.
 G = Mean time per level.
                   A        B        C        D        E       F      G
               +--------+--------+--------+--------+--------+-----+--------+
         Total |   5205 |   4785 |    420 |    331 |   3419 |   5 | 1041.0 |
       Dungeon |   5205 |   4785 |    420 |    331 |   3419 |   5 | 1041.0 |
               +--------+--------+--------+--------+--------+-----+--------+

Top non-repeatable levels by time:
     D:4: 1880 daAuts
     D:3: 1382 daAuts
     D:1: 1063 daAuts
     D:2: 837 daAuts
     D:5: 41 daAuts
